 Dungeon Crawl Stone Soup version 0.18-a0-1312-gf98331d (webtiles) character file.

291 mrath the Chopper (level 6, -5/52 HPs)
             Began as a Minotaur Fighter on Feb 15, 2016.
             Killed from afar by an orc wizard (11 damage)
             ... with a puff of flame
             ... on level 4 of the Dungeon.
             The game lasted 00:15:31 (3539 turns).

mrath the Chopper (Minotaur Fighter)                Turns: 3539, Time: 00:15:31

Health: -5/52      AC:  8    Str: 27    XL:     6   Next: 10%
Magic:  5/5        EV:  8    Int:  5    God:
Gold:   109        SH: 10    Dex: 10    Spells: 0 memorised, 5 levels left

rFire  . . .     SeeInvis .     a - +0 war axe
rCold  . . .     Gourm    .     b - +0 scale mail
rNeg   . . .     Faith    .     c - +0 shield
rPois  .         Spirit   .     (helmet restricted)
rElec  .         Dismiss  .     (no cloak)
rCorr  .         Reflect  .     H - +0 pair of gloves
SustAt .         Harm     .     (no boots)
MR     .....                    (no amulet)
Stlth  ..........               (no ring)
                                (no ring)

@: mighty, not resistant to hostile enchantments, extremely unstealthy
A: retaliatory headbutt, horns 2
a: no special abilities


You were on level 4 of the Dungeon.
You were not hungry.

You visited 1 branch of the dungeon, and saw 4 of its levels.

You collected 109 gold pieces.

Inventory:

Hand Weapons
 a - a +0 war axe (weapon)
 r - a +0 hunting sling
Missiles
 h - 42 stones (quivered)
 k - 10 poisoned needles
 q - 7 curare-tipped needles
Armour
 b - a +0 scale mail (worn)
 c - a +0 shield (worn)
 H - a +0 pair of gloves (worn)
Jewellery
 i - an uncursed amulet of harm {unknown}
 n - an uncursed ring of magical power {unknown}
 o - an uncursed ring of positive energy {unknown}
 B - an uncursed ring of sustain attributes {unknown}
Wands
 F - a wand of random effects (19/48)
Scrolls
 j - 3 scrolls of identify {unknown}
 m - 2 scrolls of recharging {unknown}
 s - a scroll of noise {unknown}
 u - a scroll of immolation {unknown}
 v - a scroll of enchant weapon {unknown}
 y - a scroll of magic mapping {unknown}
 C - 2 scrolls of blinking {unknown}
 E - a scroll of teleportation {unknown}
 I - a scroll of fog {unknown}
Potions
 e - 3 potions of haste {unknown}
 l - 3 potions of brilliance {unknown}
 w - 2 potions of lignification {unknown}
 z - a potion of curing {unknown}
 A - 3 potions of resistance {unknown}
 G - a potion of agility {unknown}
Books
 x - a book of Frost

   Spells                             Type                      Level
   a - Freeze                         Ice                          1
   b - Throw Frost                    Conjuration/Ice              2
   c - Ozocubu's Armour               Charms/Ice                   3
   d - Throw Icicle                   Conjuration/Ice              4
   e - Summon Ice Beast               Ice/Summoning                4
Comestibles
 f - 3 bread rations
 g - 2 fruits
 p - 2 meat rations
 t - a beef jerky
 D - 7 chunks of flesh


   Skills:
 + Level 4.3 Fighting
 + Level 6.5 Axes
 + Level 4.1 Armour
 + Level 1.0 Dodging
 + Level 4.1 Shields
 + Level 0.8 Evocations


You had 5 spell levels left.
You didn't know any spells.

Dungeon Overview and Level Annotations

Branches:
Dungeon (4/15)
 Temple: D:4-7

Altars:
Ashenzari
Kikubaaqudgha
Trog

Annotations:
D:4 Menkaure


Innate Abilities, Weirdness & Mutations

You reflexively headbutt those who attack you in melee.
You have a pair of horns on your head.


Message History

Your body is wracked with pain!
Things that are here:
a flail; an orc corpse Menkaure casts a spell.
Menkaure seems to speed up.
You hear some strange, mumbled words.
A puff of flame appears from out of thin air!
The puff of flame hits you!
* * * LOW HITPOINT WARNING * * *
You hear some strange, mumbled words.
A puff of flame appears from out of thin air!
The puff of flame hits you!
* * * LOW HITPOINT WARNING * * *
You hear some strange, mumbled words.
A puff of frost appears from out of thin air!
The puff of frost hits you!
* * * LOW HITPOINT WARNING * * *
A puff of flame appears from out of thin air!
The puff of flame hits you!
You die...

..........[....
...............
##...............
#................
#.........M......
#.##### #)#
####.#...# #.#
#....#.#.###)#
#รท..@..{M.####
#.#.....s....#
#.#.....####.#######
#.#####.# #.##....#
#.#...#.# #.##.##.#
#.#.#.#.####.##.##.#
#.....#...).....##.#
###.########.......#
#.### #########


You could see Menkaure and a giant cockroach.

Vanquished Creatures
  An ogre (D:4)
  A jelly (D:3)
  Terence (D:2)
  5 adders
  A gnoll (D:1)
  2 oozes
  3 worms (D:2)
  3 giant geckos
  2 orcs (D:4)
  3 ball pythons
  5 giant cockroaches
  4 goblins
  5 hobgoblins
  10 kobolds
  2 quokkas (D:3)
  6 bats
  2 giant newts
  4 rats
60 creatures vanquished.

Vanquished Creatures (others)
  An orc wizard (D:4)
1 creature vanquished.

Grand Total: 61 creatures vanquished

Notes
Turn   | Place    | Note
--------------------------------------------------------------
     0 | D:1      | mrath the Minotaur Fighter began the quest for the Orb.
     0 | D:1      | Reached XP level 1. HP: 19/19 MP: 0/0
   190 | D:1      | Reached XP level 2. HP: 9/26 MP: 1/1
   531 | D:1      | Reached skill level 4 in Axes
   674 | D:1      | Reached XP level 3. HP: 29/31 MP: 2/2
  1613 | D:2      | Found an ancient bone altar of Kikubaaqudgha.
  1651 | D:2      | Reached skill level 5 in Axes
  1985 | D:2      | Reached XP level 4. HP: 39/39 MP: 3/3
  2262 | D:2      | Noticed Terence
  2277 | D:2      | Killed Terence
  2677 | D:2      | Reached skill level 6 in Axes
  2822 | D:3      | Reached XP level 5. HP: 41/46 MP: 4/4
  2858 | D:3      | Found a shattered altar of Ashenzari.
  3105 | D:3      | Found a bloodstained altar of Trog.
  3491 | D:4      | Noticed an ogre
  3497 | D:4      | Killed an ogre
  3497 | D:4      | Reached skill level 1 in Dodging
  3497 | D:4      | Reached XP level 6. HP: 52/52 MP: 5/5
  3529 | D:4      | Noticed Menkaure
  3539 | D:4      | Killed from afar by an orc wizard

Vault maps used:
D:1:      dpeg_arrival_orchard, amethyst_killhole, st_stairs_7,
          roderic_lattice_a, minmay_unequal
D:2:      kiku_gazebo_garden_becter, first_bread, grunt_ministairs_13,
          uniq_terence
D:3:      old_standard_altar, ashenzari_conservatory_becter
D:4:      uniq_menkaure, uniq_crazy_yiuf_cottage

Action                   |  1- 3 |  4- 6 || total
-------------------------+-------+-------++-------
Melee: War axe           |    78 |    84 ||   162
Throw: Stone             |     2 |     9 ||    11
  Use: Potion            |       |     1 ||     1
  Eat: Chunk             |     3 |     5 ||     8
